AoeStats
← Ben Brankleton Jr

Highland

505734537Analyzed
4v4 RM · 20d ago on Sep 10, 2026· 63m 59s· 8 players
Game mode
Random Map
Map size
Large (8 player)
Population
200
Speed
Normal
Resources
Standard
Victory
Conquest
Starting age
Dark Age
Ending age
Imperial Age
RankedLock teamsTeams togetherTeam positionsShared explorationLock speedFull tech treeHidden civsTurbo modeCheats
Victory
Defeat
🇫🇷 Goths · France
722
+7
🇫🇷 Aztecs · France
721
+7
🇲🇦 Berbers · Morocco
645
+11
🇪🇸 Cumans · Spain
625
+10
🇦🇷 Slavs · Argentina
596
-11
🇹🇷 Gurjaras · Türkiye
513
-9
🇦🇷 Jurchens · Argentina
511
-9
🇧🇷 Khmer · Brazil
402
-6
TheJoker
12:46 Feudal Age
11:46 Loom
13:16 Horse Collar
13:24 Double-Bit Axe
15:36 Wheelbarrow
19:39 Castle Age
21:29 Heavy Plow
21:42 Bow Saw
26:34 Hand Cart
26:52 Hand Cart
37:48 Imperial Age
38:05 Imperial Age
36:18 Husbandry
39:14 Tusk Swords
40:02 Scale Barding Armor
40:08 Forging
40:01 Scale Mail Armor
39:55 Elite Battle Elephant
39:58 Cavalier
41:34 Caravan
43:29 Iron Casting
43:31 Double Crossbow
44:25 Heavy Scorpion
47:57 Blast Furnace
47:17 Chain Barding Armor
54:06 Plate Barding Armor
54:16 Elite Ballista Elephant
58:37 Light Cavalry
59:28 Bloodlines
Coffee
Milli
12:00 Feudal Age
10:17 Loom
12:29 Double-Bit Axe
21:52 Castle Age
19:56 Stone Mining
20:02 Gold Mining
22:48 Wheelbarrow
22:01 Horse Collar
22:57 Bow Saw
23:28 Gold Shaft Mining
25:36 Fortified Wall
28:17 Hand Cart
29:52 Pikeman
30:33 Squires
31:49 Masonry
32:45 Scale Mail Armor
32:57 Forging
38:59 Chain Mail Armor
39:20 Iron Casting
mmontemurro99
0:43 Loom
13:59 Feudal Age
15:06 Double-Bit Axe
15:04 Horse Collar
16:48 Wheelbarrow
18:35 Gold Mining
23:13 Castle Age
24:50 Gold Shaft Mining
25:52 Hand Cart
25:54 Stone Mining
26:20 Bow Saw
26:24 Caravan
31:37 Stone Shaft Mining
31:51 Bloodlines
31:44 Husbandry
31:51 Scale Barding Armor
31:57 Forging
35:05 Imperial Age
36:01 Heavy Plow
36:40 Iron Casting
36:26 Chain Barding Armor
35:30 Elite Iron Pagoda
35:42 Sappers
36:33 Conscription
39:01 Hoardings
38:46 Treadmill Crane
39:03 Murder Holes
39:39 Fortified Bastions
41:33 Two-Man Saw
43:05 Town Watch
43:15 Elite Steppe Lancer
44:19 Town Patrol
46:14 Blast Furnace
47:04 Chemistry
46:24 Ballistics
46:16 Fortified Wall
49:42 Heavy Rocket Cart
52:57 Plate Barding Armor
Belay
0:29 Loom
12:00 Feudal Age
21:28 Double-Bit Axe
23:59 Horse Collar
34:30 Castle Age
32:17 Town Watch
33:08 Wheelbarrow
32:30 Gold Mining
32:31 Stone Mining
33:01 Stone Mining
36:27 Forging
36:17 Scale Mail Armor
36:23 Scale Barding Armor
36:08 Fletching
36:18 Padded Archer Armor
36:57 Gold Shaft Mining
36:26 Heavy Plow
36:41 Bow Saw
36:21 Pikeman
37:02 Squires
36:48 Arson
36:27 Light Cavalry
37:17 Bloodlines
36:32 Capped Ram
38:58 Iron Casting
38:38 Chain Mail Armor
38:28 Town Patrol
42:12 Chain Barding Armor
41:49 Bodkin Arrow
42:12 Hand Cart
42:11 Steppe Husbandry
44:17 Ballistics
46:59 Imperial Age
47:20 Cavalier
47:24 Siege Ram
49:38 Plate Barding Armor
49:34 Plate Mail Armor
50:05 Blast Furnace
49:19 Caravan
49:23 Paladin
52:52 Crop Rotation
53:30 Chemistry
53:35 Two-Man Saw
56:09 Hussar
57:33 Leather Archer Armor
57:09 Elite Kipchak
58:13 Conscription
Ben Brankleton Jr
11:22 Feudal Age
15:50 Castle Age
17:50 Double-Bit Axe
24:57 Horse Collar
25:31 Bow Saw
26:33 Heavy Plow
30:58 Imperial Age
29:36 Wheelbarrow
29:04 Scale Mail Armor
29:14 Forging
31:48 Chain Mail Armor
32:08 Iron Casting
31:40 Perfusion
32:01 Conscription
32:37 Hand Cart
33:02 Crop Rotation
34:47 Blast Furnace
36:06 Two-Man Saw
35:15 Squires
34:45 Pikeman
34:59 Halberdier
53:35 Coinage
53:17 Guilds
63:52 Spies/Treason
Ben Brankleton Sr
8:19 Loom
15:57 Feudal Age
21:51 Castle Age
19:39 Double-Bit Axe
19:37 Horse Collar
20:42 Man-at-Arms
21:19 Gold Mining
22:40 Forging
22:30 Scale Mail Armor
22:35 Arson
27:52 Iron Casting
27:33 Chain Mail Armor
27:34 Bow Saw
27:28 Heavy Plow
30:56 Heated Shot
34:35 Wheelbarrow
35:25 Squires
34:49 Long Swordsman
35:14 Gambesons
38:46 Hand Cart
39:16 Fletching
39:25 Town Watch
39:28 Eagle Warrior
40:32 Town Patrol
44:17 Imperial Age
43:54 Bodkin Arrow
46:25 Conscription
46:27 Garland Wars
45:28 Elite Jaguar Warrior
47:08 Pikeman
47:54 Elite Jaguar Warrior
49:40 Blast Furnace
49:11 Plate Mail Armor
49:58 Plate Mail Armor
50:01 Capped Ram
51:05 Siege Ram
AZIX
12:54 Feudal Age
16:40 Wheelbarrow
16:25 Double-Bit Axe
23:20 Castle Age
21:14 Horse Collar
21:26 Gold Mining
21:29 Stone Mining
25:59 Hand Cart
25:56 Heavy Plow
26:34 Gold Shaft Mining
26:36 Stone Shaft Mining
32:48 Imperial Age
31:25 Caravan
33:08 Scale Mail Armor
33:15 Scale Barding Armor
35:58 Chemistry
35:25 Kasbah
35:46 Cavalier
37:18 Arrowslits
40:27 Elite Camel Archer
45:15 Chain Mail Armor
45:20 Chain Barding Armor
54:23 Heavy Scorpion
55:58 Forging
55:41 Fletching
55:52 Padded Archer Armor
58:57 Bow Saw
Connection lost

Rejoining the realm…

Still unreachable

The connection could not be restored.

Session expired

The server has moved on; the page needs a fresh start.